 Dungeon Crawl Stone Soup version 0.30-a0-458-g86641cc369 (webtiles) character file.

Game seed: 7144197965407841936

4306 Essalna the Zephyrmancer (level 10, -1/61 HPs)
             Began as a Tengu Air Elementalist on Dec 14, 2022.
             Was a Believer of Vehumet.
             Slain by an orc warrior
             ... wielding a +0 glaive
              (6 damage)
             ... on level 9 of the Dungeon.
             The game lasted 00:19:27 (8863 turns).

Essalna the Zephyrmancer (Tengu Air Elementalist)   Turns: 8863, Time: 00:19:28

Health: -1/61      AC:  2    Str: 14    XL:     10   Next: 32%
Magic:  11/20      EV: 15    Int: 20    God:    Vehumet [**....]
Gold:   421        SH:  5    Dex: 15    Spells: 14/21 levels left

rFire   . . .      SeeInvis .    k - +7 spear "Cisie" {drain, Contam Fly rC+ rN+}
rCold   + . .      Faith    .    (no shield)
rNeg    + . .      Spirit   .    d - +0 robe {Will+}
rPois   +          Reflect  +    (helmet restricted)
rElec   .          Harm     .    (no cloak)
rCorr   .          Rampage  .    (no gloves)
Will    +....                    (boots unavailable)
Stlth   ++........               q - amulet of reflection
HPRegen 0.30/turn                t - +6 ring of strength
MPRegen 0.17/turn                y - ring of poison resistance

@: flying quickly and evasively, quick
A: beak, talons 3, nimble flight
a: Renounce Religion


You were on level 9 of the Dungeon.
You worshipped Vehumet.
Vehumet was pleased with you.
You visited 2 branches of the dungeon, and saw 10 of its levels.

You collected 421 gold pieces.

Inventory:

Hand Weapons
 k - the +7 spear "Cisie" (weapon) {drain, Contam Fly rC+ rN+}
   (You found it on level 2 of the Dungeon)

   A truly terrible weapon, it drains the life of any living foe it strikes.
   rC:        It protects you from cold.
   rN:        It protects you from negative energy.
   Fly:       It grants you flight.
   Contam:    It causes magical contamination when unequipped.
 n - a +2 dagger of venom
Armour
 a - a +1 robe
 d - a +0 robe of willpower (worn)
Jewellery
 q - an amulet of reflection (around neck)
 t - a +6 ring of strength (left hand)
 y - a ring of poison resistance (right hand)
Wands
 B - a wand of mindburst (10)
Scrolls
 h - 6 scrolls of identify
 i - 3 scrolls of blinking
 m - 2 scrolls of poison
 o - a scroll of immolation
 r - a scroll of noise
 s - a scroll of fog
 v - a scroll of vulnerability
Potions
 b - a potion of magic
 c - a potion of flight
 f - a potion of resistance {unknown}
 g - 4 potions of degeneration {unknown}
 p - 3 potions of heal wounds {unknown}
 u - 2 potions of might {unknown}
 x - a potion of mutation {unknown}
 z - a potion of lignification {unknown}
 A - a potion of berserk rage {unknown}


   Skills:
 + Level 6.6 Fighting
 + Level 0.9 Armour
 + Level 2.5 Dodging
 - Level 2.0 Stealth
 + Level 6.2 Spellcasting
 + Level 8.9 Conjurations
 + Level 6.2 Fire Magic
 + Level 9.7 Air Magic


You had 14 spell levels left.
You knew the following spells:

 Your Spells              Type           Power      Damage    Failure   Level
a - Shock                 Conj/Air       100%       1d9       1%          1
b - Static Discharge      Conj/Air       86%        2-6/arc   1%          2
c - Sticky Flame          Conj/Fire      36%        2d6       4%          4

Your spell library contained the following spells:

 Spells                   Type           Power      Damage    Failure   Level
 Poisonous Vapours        Pois/Air       50%        N/A       1%          2
 Magic Dart               Conj           100%       1d8       1%          1
 Searing Ray              Conj           82%        2d7       1%          2
 Swiftness                Air            45%        N/A       1%          3
 Airstrike                Air            22%        2d(4-20)  1%          4
 Dazzling Flash           Conj/Hex       48%        N/A       4%          3
 Hailstorm                Conj/Ice       24%        3d7       4%          3
 Flame Wave               Conj/Fire      36%        2d10      4%          4
 Inner Flame              Hex/Fire       18%        N/A       9%          3
 Freeze                   Ice            24%        1d4       11%         1
 Summon Small Mammal      Summ           24%        N/A       11%         1
 Ensorcelled Hibernation  Hex/Ice        12%        N/A       16%         2
 Fulminant Prism          Conj/Hex       12%        3d8       16%         4
 Call Canine Familiar     Summ           6%         N/A       30%         3
 Frozen Ramparts          Ice            12%        1d2       30%         3
 Spider Form              Tmut/Pois      6%         N/A       30%         3
 Summon Guardian Golem    Hex/Summ       6%         N/A       30%         3
 Conjure Ball Lightning   Conj/Air       21%        3x3d6     34%         6
 Silence                  Hex/Air        12%        N/A       36%         5
 Anguish                  Hex/Necr       3%         N/A       71%         4
 Ice Form                 Ice/Tmut       6%         N/A       71%         4
 Agony                    Necr           6%         N/A       96%         5
 Storm Form               Tmut/Air       12%        N/A       100%        7


Dungeon Overview and Level Annotations

Branches:
Dungeon (9/15)             Temple (1/1) D:6
   Lair: D:8-11         Orc: D:9-12

Altars:
Ashenzari
Cheibriados
Dithmenos
Elyvilon
Fedhas
Gozag
Hepliaklqana
Kikubaaqudgha
Makhleb
Okawaru
Qazlal
Ru
Sif Muna
Trog
Uskayaw
Vehumet
Wu Jian
Xom
Yredelemnul
Zin
The Shining One
Lugonu


Innate Abilities, Weirdness & Mutations

You have a beak for a mouth.
You have claws for feet.
Your magical nature lets you fly swiftly and evasively.


Message History

The wyvern is severely wounded.
The lightning grounds out.
The orc warrior shouts!
You hear a bellow!
You block the wyvern's attack. You block the orc's attack.
The orc wizard casts a spell.
The orc wizard flickers and vanishes!
Deactivating autopickup; reactivate with Ctrl-A.
The orc warrior hits you from afar with a +0 glaive!
* * * LOW HITPOINT WARNING * * *
You hear a shout!
Casting: Static Discharge (safe; 1% risk of failure)
Confirm with . or Enter, or press ? or * to list all spells.
The orc priest is struck by an arc of lightning.
The orc priest is heavily wounded.
You are struck by an arc of lightning.
* * * LOW HITPOINT WARNING * * *
The lightning grounds out.
The orc priest is struck by an arc of lightning.
The orc priest is moderately wounded.
The orc is struck by an arc of lightning.
You kill the orc!
Vehumet accepts your kill.
The lightning grounds out.
The wyvern is struck by an arc of lightning!
The wyvern is almost dead.
You are struck by an arc of lightning.
* * * LOW HITPOINT WARNING * * *
The orc priest is struck by an arc of lightning!
The orc priest is almost dead.
You are struck by an arc of lightning.
* * * LOW HITPOINT WARNING * * *
The wyvern is struck by an arc of lightning.
The wyvern is almost dead.
The lightning grounds out.
You hear a bellow! x2
You block the wyvern's attack. x2; You block the orc priest's attack.
An orc priest comes into view. It is wielding a +0 club.
The orc priest misses you.
The orc warrior hits you from afar with a +0 glaive.
You die...

##.# #..##
..... #... ...#
.. #..##....
##.#.##l..?....
.......@#
......)oo....#
...(....o)....$
..........o....
...............
.........o.....
...............
............o..


You could see 2 orc warriors, a wyvern, 3 orc priests and an orc.

Vanquished Creatures
  A two-headed ogre (D:8)
  6 yaks (D:8)
  2 orc warriors
  3 sky beasts
  A black bear (D:4)
  4 ice beasts
  An ogre (D:4)
  A centaur (D:6)
  A phantom (D:5)
  2 kobold brigands (D:7)
  3 bullfrogs
  2 scorpions
  A gnoll sergeant (D:8)
  A wight (D:8)
  5 killer bees (D:8)
  A howler monkey (D:5)
  4 jellies
  6 hounds
  3 orc priests
  3 iguanas
  8 orc wizards
  4 gnolls (D:6)
  7 adders
  A shadow imp (D:5)
  A white imp (D:7)
  An ufetubus (D:5)
  2 worms
  A dart slug (D:1)
  32 orcs
  7 endoplasms
  A giant cockroach (D:1)
  11 goblins
  10 hobgoblins
  7 jackals
  21 kobolds
  2 quokkas
  7 ball pythons
  4 bats
  A frilled lizard (D:2)
179 creatures vanquished.

Notes
Turn   | Place    | Note
-------+----------+-------------------------------------------
     0 | D:1      | Essalna the Tengu Air Elementalist began the quest for the
                  | Orb.
     0 | D:1      | Reached XP level 1. HP: 10/10 MP: 4/4
   341 | D:1      | Reached XP level 2. HP: 16/16 MP: 1/6
   620 | D:1      | Found a shadowy altar of Dithmenos.
   860 | D:2      | Reached skill level 1 in Fighting
  1073 | D:2      | Reached XP level 3. HP: 20/20 MP: 4/7
  1076 | D:2      | Learned a level 2 spell: Static Discharge
  1197 | D:2      | Identified the +7 spear "Cisie" {drain, Contam Fly rC+ rN+}
  2255 | D:3      | Found a bloodstained altar of Trog.
  2259 | D:3      | Reached XP level 4. HP: 26/26 MP: 6/8
  2277 | D:3      | Found a shimmering altar of Xom.
  2283 | D:3      | Found a shadowy altar of Dithmenos.
  2284 | D:3      | Found an opulent altar of Gozag.
  2284 | D:3      | Found a stormy altar of Qazlal.
  2284 | D:3      | Found a sacrificial altar of Ru.
  2284 | D:3      | Found a hide-covered altar of Uskayaw.
  2284 | D:3      | Found a blossoming altar of Fedhas.
  2287 | D:3      | Found an ancient bone altar of Kikubaaqudgha.
  2288 | D:3      | Found an iron altar of Okawaru.
  2289 | D:3      | Found a glowing golden altar of the Shining One.
  2622 | D:3      | Found a snail-covered altar of Cheibriados.
  2623 | D:3      | Found a white marble altar of Elyvilon.
  2662 | D:4      | Reached skill level 5 in Air Magic
  2777 | D:4      | Gained mutation: Your magical nature lets you fly swiftly
                  | and evasively. [Tengu growth]
  2777 | D:4      | Reached XP level 5. HP: 25/30 MP: 9/9
  3254 | D:4      | Found a burning altar of Makhleb.
  3254 | D:4      | Found a broken altar of Ashenzari.
  3546 | D:4      | Noticed a black bear
  3555 | D:4      | Killed a black bear
  3556 | D:4      | Reached XP level 6. HP: 29/36 MP: 2/11
  3741 | D:4      | Reached skill level 6 in Air Magic
  3846 | D:4      | Learned a level 4 spell: Sticky Flame
  3888 | D:4      | Reached XP level 7. HP: 38/41 MP: 2/13
  4137 | D:4      | Reached skill level 1 in Fire Magic
  4165 | D:4      | Got the Volume of Shocking Rime
  4393 | D:5      | Entered Level 5 of the Dungeon
  4550 | D:5      | Reached skill level 5 in Conjurations
  5657 | D:6      | Reached XP level 8. HP: 48/48 MP: 8/14
  5773 | D:6      | Reached skill level 7 in Air Magic
  5783 | D:6      | HP: 2/48 [something/puff of flame (10)]
  6169 | D:6      | Found a staircase to the Ecumenical Temple.
  6177 | Temple   | Entered the Ecumenical Temple
  6220 | Temple   | Became a worshipper of Vehumet
  6835 | D:7      | Reached skill level 5 in Fighting
  6843 | D:7      | Reached skill level 8 in Air Magic
  6843 | D:7      | Reached XP level 9. HP: 45/54 MP: 12/17
  7171 | D:7      | Reached skill level 5 in Spellcasting
  7276 | D:7      | Reached * piety under Vehumet
  7276 | D:7      | Offered knowledge of Magic Dart by Vehumet.
  7648 | D:8      | Reached skill level 5 in Fire Magic
  7830 | D:8      | Noticed a two-headed ogre
  7891 | D:8      | Reached skill level 9 in Air Magic
  8028 | D:8      | Identified the +5 dagger "Xom's Bemusement" {vamp, rElec}
  8112 | D:8      | Noticed a two-headed ogre
  8333 | D:8      | Reached XP level 10. HP: 58/60 MP: 11/19
  8359 | D:8      | Noticed a cyclops
  8396 | D:8      | Killed a two-headed ogre
  8591 | D:8      | Offered knowledge of Poisonous Vapours by Vehumet.
  8783 | D:8      | Reached ** piety under Vehumet
  8863 | D:9      | Slain by an orc warrior

Illustrated notes

Levels and vault maps discovered:
D:1:      dpeg_arrival_lava_altar, layout_rooms
D:2:      layout_loops_ring, fountainhead
D:3:      layout_basic, minitemple, kennysheep_generic_room_3
D:4:      layout_basic, gammafunk_temple_overflow_elements, minmay_diced_spiral
D:5:      layout_gridville
D:6:      layout_rooms, temple_statues
D:7:      layout_cave_pools
D:8:      kennysheep_big_flooded_room, layout_basic,
          mainiacjoe_overflow_chevrons, enter_bailey_5, serial_curves,
          eino_curves_02, eino_curves_02
D:9:      layout_rooms, kennysheep_orc_monster_closet_entryway,
          chequers_mini_garden
Temple:   corrupted_temple

Skill      XL: |  1  2  3  4  5  6  7  8  9 10 |
---------------+-------------------------------+-----
Conjurations   | 2 3 4 5 6 8 |  8.9
Fighting       | 1 2 3 4 5 6 |  6.6
Air Magic      | 5 6 8 9 |  9.7
Spellcasting   | 3 4 5 6 |  6.2
Fire Magic     | 2 4 5 6 |  6.2
Armour         | |  0.9
Dodging        | |  2.5
Stealth        | |  2.0

Action                   |  1- 3 |  4- 6 |  7- 9 | 10-12 || total
-------------------------+-------+-------+-------+-------++-------
Melee: Hand axe          |     9 |       |       |       ||     9
       Kick              |     2 |     2 |    17 |     1 ||    22
       Peck              |     1 |       |    10 |     1 ||    12
       Spear             |    10 |    15 |    47 |     6 ||    78
       Punch             |       |       |     2 |     1 ||     3
 Cast: Shock             |    82 |    73 |   246 |    22 ||   423
       Static Discharge  |       |     4 |     9 |    12 ||    25
       Sticky Flame      |       |       |     4 |     1 ||     5
Evoke: Wand              |       |       |       |     4 ||     4
  Use: Potion            |       |       |     7 |       ||     7
       Scroll            |       |       |    12 |     2 ||    14
 Stab: Sleeping          |     1 |       |       |       ||     1
Armor: Robe              |     2 |     1 |     4 |     1 ||     8
Dodge: Dodged            |    21 |    17 |    58 |    20 ||   116
Block: Other             |       |     2 |    20 |    18 ||    40
       Reflection        |       |       |     4 |     2 ||     6

Table legend: (Time is in decaauts)
 A = Elapsed time spent in this place.
 B = Non-inter-level travel time spent in this place.
 C = Inter-level travel time spent in this place.
 D = Time resting spent in this place.
 E = Time spent auto-exploring this place.
 F = Levels seen in this place.
 G = Mean time per level.
                   A        B        C        D        E       F      G
               +--------+--------+--------+--------+--------+-----+--------+
         Total |   8585 |   8359 |    226 |    423 |   6675 |  10 |  858.5 |
       Dungeon |   8529 |   8319 |    210 |    423 |   6656 |   9 |  947.7 |
        Temple |     55 |     40 |     15 |      0 |     18 |   1 |   55.0 |
               +--------+--------+--------+--------+--------+-----+--------+

Top non-repeatable levels by time:
     D:4: 1646 daAuts
     D:7: 1287 daAuts
     D:5: 1175 daAuts
     D:3: 1065 daAuts
     D:2: 908 daAuts
     D:6: 894 daAuts
     D:8: 862 daAuts
     D:1: 683 daAuts
  Temple: 55 daAuts
     D:9: 5 daAuts
